AoeStats
← 笙箫楠兮

Black Forest

510258726Analyzed
4v4 RM · 8h ago on Sep 30, 2026· 44m 44s· 8 players
Game mode
Random Map
Map size
Large (8 player)
Population
200
Speed
Normal
Resources
Standard
Victory
Conquest
Starting age
Dark Age
Ending age
Imperial Age
RankedLock teamsTeams togetherTeam positionsShared explorationLock speedFull tech treeHidden civsTurbo modeCheats
Victory
Defeat
🇨🇳 Jurchens · China
898
+16
🇨🇳 Huns · China
886
+17
🇦🇷 Romans · Argentina
884
+17
🇬🇧 Varangians · United Kingdom
883
+17
🇩🇪 Khmer · Germany
1024
-22
🇺🇸 Mapuche · United States
880
-16
🇺🇸 Spanish · United States
873
-15
🇵🇪 Vikings · Peru
831
-14
Dugstep1876
0:37 Loom
13:56 Feudal Age
20:23 Castle Age
19:48 Double-Bit Axe
22:02 Town Watch
24:47 Fortified Wall
26:14 Bow Saw
35:54 Fletching
41:08 Imperial Age
40:36 Bodkin Arrow
42:06 Scale Barding Armor
43:36 Chain Barding Armor
笙箫楠兮
7:39 Loom
8:01 Loom
10:42 Feudal Age
12:57 Double-Bit Axe
12:54 Horse Collar
16:16 Castle Age
22:56 Bow Saw
22:54 Heavy Plow
25:46 Wheelbarrow
25:19 Gold Mining
25:24 Stone Mining
27:13 Hand Cart
30:24 Imperial Age
29:08 Gold Shaft Mining
29:09 Stone Shaft Mining
28:58 Forging
28:53 Scale Barding Armor
28:30 Treadmill Crane
29:12 Ballistics
29:02 Masonry
29:50 Siege Engineers
30:30 Husbandry
30:41 Town Watch
31:14 Bloodlines
32:11 Two-Man Saw
31:44 Crop Rotation
32:17 Chemistry
31:48 Architecture
31:55 Iron Casting
31:41 Chain Barding Armor
31:10 Elite Steppe Lancer
34:36 Blast Furnace
35:12 Conscription
43:52 Caravan
45:08 Fortified Bastions
卢本伟
0:47 Loom
12:25 Feudal Age
16:17 Castle Age
14:47 Gold Mining
14:49 Stone Mining
14:42 Horse Collar
15:54 Double-Bit Axe
21:19 Wheelbarrow
29:34 Imperial Age
28:01 Gold Shaft Mining
28:13 Forging
28:09 Scale Barding Armor
28:08 Marauders
28:49 Hand Cart
28:53 Heavy Plow
29:54 Iron Casting
29:52 Fervor
30:38 Conscription
30:34 Bloodlines
30:24 Husbandry
30:39 Bow Saw
31:36 Elite Tarkan
33:25 Blast Furnace
33:27 Chain Barding Armor
35:26 Plate Barding Armor
Sukhavati
9:31 Feudal Age
10:01 Double-Bit Axe
13:16 Wheelbarrow
16:19 Castle Age
15:01 Horse Collar
19:34 Heavy Plow
21:28 Bow Saw
25:27 Hand Cart
25:01 Town Watch
25:02 Loom
26:18 Stone Mining
26:19 Gold Mining
27:15 Ballistics
30:14 Imperial Age
29:45 Town Patrol
31:02 Gold Shaft Mining
30:45 Heavy Scorpion
32:33 Chemistry
31:47 Siege Engineers
32:56 Crop Rotation
33:18 Ballistas
33:34 Conscription
33:27 Fletching
37:44 Man-at-Arms
38:25 Squires
39:07 Long Swordsman
40:35 Legionary
40:43 Elite Centurion
41:45 Comitatenses
fellate the homies goodnight
3:19 Loom
12:20 Feudal Age
13:34 Double-Bit Axe
13:30 Horse Collar
19:56 Castle Age
25:23 Wheelbarrow
27:14 Heavy Plow
27:25 Bow Saw
27:06 Gold Mining
27:13 Stone Mining
29:06 Pikeman
30:07 Forging
30:02 Scale Mail Armor
30:07 Padded Archer Armor
30:47 Caravan
32:24 Hand Cart
34:10 Iron Casting
33:52 Chain Mail Armor
36:57 Imperial Age
38:06 Conscription
37:11 Halberdier
38:51 Plate Mail Armor
39:22 Blast Furnace
Gbetosaurus
0:33 Loom
10:57 Feudal Age
11:26 Double-Bit Axe
17:26 Gold Mining
21:57 Castle Age
20:44 Stone Mining
22:01 Horse Collar
23:14 Heavy Plow
26:17 Fletching
26:30 Heavy Plow
26:45 Bow Saw
28:58 Gold Shaft Mining
28:59 Stone Shaft Mining
33:35 Imperial Age
33:49 Wheelbarrow
33:45 Bodkin Arrow
35:42 Butalmapu
35:19 Demolition Ship
35:33 Elite Bolas Rider
36:14 Padded Archer Armor
36:36 Ballistics
36:59 Malon
37:21 Leather Archer Armor
37:49 Conscription
38:50 Ring Archer Armor
2026
1:40 Loom
11:06 Feudal Age
13:50 Castle Age
21:24 Double-Bit Axe
21:26 Horse Collar
23:09 Gold Mining
23:10 Stone Mining
23:48 Bow Saw
23:46 Heavy Plow
28:36 Imperial Age
29:32 Heavy Scorpion
30:21 Siege Engineers
31:17 Chemistry
31:11 Double Crossbow
32:42 Caravan
JOY BOY
0:32 Loom
11:04 Feudal Age
12:57 Double-Bit Axe
18:03 Castle Age
16:40 Horse Collar
16:52 Stone Mining
18:42 Gold Mining
19:09 Bow Saw
21:51 Forging
21:41 Scale Mail Armor
22:44 Heavy Plow
26:54 Fletching
27:07 Scale Mail Armor
32:23 Imperial Age
31:03 Gold Shaft Mining
33:55 Chain Mail Armor
34:15 Iron Casting
34:02 Chieftains
34:38 Fishing Lines
34:36 Man-at-Arms
35:17 Squires
35:02 Arson
36:22 Long Swordsman
38:46 Two-Man Saw
38:18 Crop Rotation
37:15 Two-Handed Swordsman
39:16 Cavalier
40:58 Scale Barding Armor
43:35 Caravan
Connection lost

Rejoining the realm…

Still unreachable

The connection could not be restored.

Session expired

The server has moved on; the page needs a fresh start.